 Dungeon Crawl Stone Soup version 0.27.1-35-g4d5d836560 (webtiles) character file.

Game seed: 8821972445019255566

552 cbfl8 the Sneak (level 7, -1/60 HPs)
             Began as a Minotaur Delver on Mar 19, 2022.
             Was a Believer of Yredelemnul.
             Slain by an ogre (8 damage)
             ... on level 4 of the Dungeon.
             The game lasted 00:06:35 (4061 turns).

cbfl8 the Sneak (Minotaur Delver)                   Turns: 4061, Time: 00:06:36

Health: -1/60      AC: 13    Str: 16    XL:     7   Next: 8%
Magic:  6/6        EV:  2    Int:  7    God:    Yredelemnul [**....]
Gold:   237        SH:  7    Dex: 14    Spells: 6/6 levels left

rFire    + . .     SeeInvis .   m - +0 long sword
rCold    . . .     Faith    .   B - +0 kite shield
rNeg     . . .     Spirit   .   q - +0 plate armour
rPois    .         Reflect  .   (helmet restricted)
rElec    .         Harm     .   (no cloak)
rCorr    .         Rampage  .   s - +0 pair of gloves
Will     .....                  h - +0 pair of boots
Stlth    ..........             u - amulet of regeneration
HPRegen  1.20/turn              t - ring of protection from fire
MPRegen  0.10/turn              (no ring)

@: flying
A: horns 2, retaliatory headbutt
a: Renounce Religion, Animate Remains, Recall Undead Slaves, Injury Mirror


You were on level 4 of the Dungeon.
You worshipped Yredelemnul.
Yredelemnul was pleased with you.
You visited 1 branch of the dungeon, and saw 5 of its levels.

You collected 237 gold pieces.

Inventory:

Hand Weapons
 a - a +0 hand axe
 m - a +0 long sword (weapon)
Armour
 b - a +0 leather armour
 h - a +0 pair of boots (worn)
 j - a +0 ring mail
 k - a +0 scale mail
 o - a +0 pair of boots
 q - a +0 plate armour (worn)
 s - a +0 pair of gloves (worn)
 B - a +0 kite shield (worn)
Jewellery
 t - a ring of protection from fire (left hand)
 u - an amulet of regeneration (around neck)
 v - an amulet of faith
 D - a ring of magical power
Wands
 g - a wand of digging (3)
Scrolls
 c - 2 scrolls of fog
 d - a scroll of magic mapping
 e - 2 scrolls of fear
 l - 2 scrolls of noise {unknown}
 p - a scroll of enchant armour {unknown}
 r - a scroll of immolation {unknown}
 x - a scroll of silence {unknown}
 y - 2 scrolls of identify {unknown}
 z - 2 scrolls of enchant weapon {unknown}
 C - 2 scrolls of teleportation {unknown}
 E - a scroll of summoning {unknown}
Potions
 f - a potion of haste
 i - 3 potions of curing {unknown}
 n - 3 potions of flight
 w - a potion of heal wounds {unknown}
 A - a potion of degeneration {unknown}


   Skills:
 + Level 4.8 Fighting
 + Level 2.1 Long Blades
 + Level 5.0 Axes
 + Level 3.6 Armour
 + Level 3.0 Dodging
 + Level 5.5 Stealth


You had 6 spell levels left.
You didn't know any spells.
Your spell library contained the following spells:

 Spells                   Type           Power      Damage    Failure   Level
 Freeze                   Ice            0%         1d3       100%        1
 Frozen Ramparts          Ice            0%         1d2       100%        3
 Hailstorm                Conj/Ice       0%         3d3       100%        4


Dungeon Overview and Level Annotations

Branches:
Dungeon (5/15)
 Temple: D:4-7

Altars:
Yredelemnul
The Shining One

Shops:
D:4 *


Innate Abilities, Weirdness & Mutations

You have a pair of horns on your head.
You reflexively headbutt those who attack you in melee.


Message History

You feel sick. You block the adder's attack. The adder bites you.
You are more poisoned.
The adder poisons you!
You barely miss the adder. Your headbutt misses the adder.
The adder is heavily wounded.
You feel sick. The adder bites you but does no damage.
You block the adder's attack.
The ogre hits you with a +0 giant spiked club!
You closely miss the adder.
The adder is heavily wounded.
You feel sick. You block the adder's attack. You block the ogre's attack.
The adder bites you.
You closely miss the adder.
The adder is heavily wounded.
You feel sick. The adder bites you but does no damage.
The ogre hits you with a +0 giant spiked club!!
* * * LOW HITPOINT WARNING * * *
You block the adder's attack.
As you read the scroll of fear, it crumbles to dust.
You assume a fearsome visage.
The ogre looks frightened!
The adder looks frightened!
You feel sick.
You are no longer poisoned.
You start resting.
HP restored.
You block the ogre's attack.
Your plate armour prevents you from hitting the ogre.
The ogre hits you with a +0 giant spiked club!
The ogre hits you with a +0 giant spiked club!!
Ouch! That really hurt!
* * * LOW HITPOINT WARNING * * *
You hit the ogre.
The ogre is lightly wounded.
The ogre hits you with a +0 giant spiked club!
* * * LOW HITPOINT WARNING * * *
It was a potion of flight.
You feel very buoyant.
You fly up into the air.
The ogre hits you with a +0 giant spiked club!
You die...
Your body rises from the dead as a mindless zombie.

#.........#...### .
##.#.#.#.#.###...##.
#.................##
#..#.#.#.#.######..#
#..........#........
#####...#.##.###.####)..
.............# #.##....#
.......O########.##.##.#
.......@.........## #.#
........########## #.#
............# #.#
............# ##.##..
###.........# ........
##........# .###.##.
#........'. #.##.
###......#.. . #..
##........ .# #..


You could see an ogre.

Vanquished Creatures
  An ogre (D:4)
  A scorpion (D:4)
  A water moccasin skeleton (D:5)
  2 bullfrog zombies (D:5)
  3 centaur zombies (D:5)
  A jelly (D:5)
  A hound zombie (D:5)
  6 adders
  A gnoll (D:1)
  A white imp (D:5)
  An ufetubus (D:5)
  An adder zombie (D:5)
  An adder skeleton (D:4)
  A worm (D:2)
  5 dart slugs
  An orc (D:5)
  6 endoplasms
  A giant cockroach (D:2)
  4 hobgoblins
  2 jackals (D:1)
  4 quokkas
  4 ball pythons
  5 bats
  A frilled lizard (D:1)
  8 goblins
  A jackal skeleton (D:4)
  6 kobolds
  6 rats
76 creatures vanquished.

Notes
Turn   | Place    | Note
-------+----------+-------------------------------------------
     0 | D:5      | cbfl8 the Minotaur Delver began the quest for the Orb.
     0 | D:5      | Reached XP level 1. HP: 19/19 MP: 0/0
    26 | D:5      | Reached XP level 2. HP: 13/27 MP: 1/1
    26 | D:5      | Reached XP level 3. HP: 16/33 MP: 2/2
   203 | D:5      | Reached skill level 5 in Stealth
   203 | D:5      | Reached XP level 4. HP: 18/40 MP: 3/3
   378 | D:5      | Reached skill level 1 in Armour
   388 | D:5      | Reached XP level 5. HP: 34/46 MP: 4/4
   793 | D:5      | Found a basalt altar of Yredelemnul.
   797 | D:5      | Became a worshipper of Yredelemnul the Dark
   841 | D:5      | Noticed an ogre
   953 | D:5      | Reached XP level 6. HP: 49/53 MP: 5/5
  1246 | D:4      | Reached skill level 1 in Long Blades
  1455 | D:3      | Reached skill level 5 in Axes
  1996 | D:2      | Found a faded altar of an unknown god.
  2655 | D:1      | Reached * piety under Yredelemnul
  3017 | D:1      | Reached XP level 7. HP: 54/60 MP: 6/6
  3821 | D:4      | Reached ** piety under Yredelemnul
  3837 | D:4      | Found Utzialiu's Neck Hole.
  3946 | D:4      | Found a glowing golden altar of the Shining One.
  4061 | D:4      | Slain by an ogre

Illustrated notes

Levels and vault maps discovered:
D:1:      psy_arrival_statuary, layout_basic, minmay_tall_x
D:2:      layout_basic, basic_ecumenical_altar
D:3:      layout_rooms, minivault_27, eino_tiny_chamber
D:4:      layout_basic, nemelex_dance_club_becter, tso_metal_star,
          nicolae_wu_jian_wuxing_cycle, serial_glass, glass_columns_a,
          glass_columns_c, glass_columns_a, glass_columns_a, glass_columns_b,
          glass_columns_c, glass_columns_b, glass_columns_a, glass_columns_a,
          glass_columns_a, nicolae_shop_sticking_my_neck_out, uniq_menkaure
D:5:      layout_basic, nicolae_yredelemnul_corpse_copse, uniq_grinder

Skill      XL: |  1  2  3  4  5  6  7 |
---------------+----------------------+-----
Fighting       | 4 |  4.8
Axes           | 3 4 5 |  5.0
Stealth        | 5 |  5.5
Armour         | 1 2 3 |  3.6
Long Blades    | 1 2 |  2.1
Dodging        | 3 |  3.0

Action                   |  1- 3 |  4- 6 |  7- 9 || total
-------------------------+-------+-------+-------++-------
Melee: Hand axe          |    23 |    36 |       ||    59
       Headbutt          |    10 |    30 |     8 ||    48
       Long sword        |       |    83 |    37 ||   120
  Use: Scroll            |       |       |     1 ||     1
       Potion            |       |       |     1 ||     1
 Stab: Sleeping          |       |     4 |       ||     4
Armor: Leather armour    |    10 |     4 |       ||    14
       Scale mail        |       |    17 |       ||    17
       Ring mail         |       |     1 |       ||     1
       Plate armour      |       |    69 |    35 ||   104
Dodge: Dodged            |    17 |    64 |     4 ||    85
Block: Kite shield       |       |     3 |    26 ||    29
       Rpst.: Long sword |       |     7 |     3 ||    10
